 Dungeon Crawl Stone Soup version 0.28.0-45-g0d030f2227 (webtiles) character file.

Game seed: 14437450180185927407

2190 Kziril the Fighter (level 9, 0/60 HPs)
             Began as a Gargoyle Fighter on Apr 19, 2022.
             Was a Follower of Makhleb.
             Shot with a sling bullet by Joseph (3 damage)
             ... on level 7 of the Dungeon.
             The game lasted 00:18:22 (8549 turns).

Kziril the Fighter (Gargoyle Fighter)               Turns: 8549, Time: 00:18:23

Health: 0/60       AC: 20    Str: 21    XL:     9   Next: 33%
Magic:  9/9        EV: 11    Int: 10    God:    Makhleb [*.....]
Gold:   436        SH:  5    Dex: 11    Spells: 8/8 levels left

rFire   . . .      SeeInvis .   a - +0 flail
rCold   + . .      Faith    .   c - +0 buckler
rNeg    + . .      Spirit   .   b - +0 chain mail {rC+}
rPois   ∞          Reflect  .   (no helmet)
rElec   +          Harm     .   (no cloak)
rCorr   .          Rampage  +   (no gloves)
Will    .....                   m - +2 pair of boots {rampage}
Stlth   ..........              (no amulet)
HPRegen 0.20/turn               q - +4 ring of evasion
MPRegen 0.11/turn               (no ring)

@: no status effects
A: sickness immunity, AC +6, negative energy resistance 1, electricity
resistance, torment resistance 1, petrification resistance
a: Renounce Religion


You were on level 7 of the Dungeon.
You worshipped Makhleb.
Makhleb was aware of your devotion.
You visited 2 branches of the dungeon, and saw 9 of its levels.

You collected 436 gold pieces.

Inventory:

Hand Weapons
 a - a +0 flail (weapon)
Armour
 b - a +0 chain mail of cold resistance (worn)
 c - a +0 buckler (worn)
 m - a +2 pair of boots of rampaging (worn)
Jewellery
 q - a +4 ring of evasion (left hand)
Wands
 n - a wand of paralysis (8)
Scrolls
 e - 6 scrolls of identify {unknown}
 f - a scroll of torment {unknown}
 g - 2 scrolls of magic mapping {unknown}
 j - a scroll of blinking {unknown}
 k - 5 scrolls of teleportation {unknown}
 r - 2 scrolls of amnesia {unknown}
 s - a scroll of noise {unknown}
 t - 2 scrolls of vulnerability {unknown}
Potions
 d - 2 potions of might
 h - a potion of attraction {unknown}
 i - 6 potions of ambrosia {unknown}
 l - a potion of flight {unknown}
 o - a potion of haste {unknown}
 p - 4 potions of curing {unknown}
 u - a potion of resistance {unknown}


   Skills:
 * Level 9.0 Fighting
 + Level 5.7 Maces & Flails
 + Level 6.8 Armour
 + Level 6.8 Shields


You had 8 spell levels left.
You didn't know any spells.
Your spell library contained the following spells:

 Spells                   Type           Power      Damage    Failure   Level
 Foxfire                  Conj/Fire      0%         2x1d4     98%         1
 Shock                    Conj/Air       0%         1d3       98%         1
 Summon Small Mammal      Summ           0%         N/A       98%         1
 Blink                    Tloc           0%         N/A       99%         2
 Call Canine Familiar     Summ           0%         N/A       100%        3
 Conjure Flame            Conj/Fire      0%         6-21      100%        3
 Inner Flame              Hex/Fire       0%         N/A       100%        3
 Summon Guardian Golem    Hex/Summ       0%         N/A       100%        3
 Swiftness                Air            0%         N/A       100%        3
 Airstrike                Air            0%         N/A       100%        4
 Flame Wave               Conj/Fire      0%         2d4       100%        4
 Manifold Assault         Tloc           0%         N/A       100%        5
 Storm Form               Tmut/Air       0%         N/A       100%        7


Dungeon Overview and Level Annotations

Branches:
Dungeon (8/15)             Temple (1/1) D:6
   Lair: D:8-11

Altars:
Ashenzari
Cheibriados
Dithmenos
Elyvilon
Fedhas
Gozag
Hepliaklqana
Kikubaaqudgha
Makhleb
Nemelex Xobeh
Okawaru
Qazlal
Ru
Sif Muna
Trog
Uskayaw
Wu Jian
Xom
Zin

Shops:
D:2 (

Annotations:
D:7 Joseph


Innate Abilities, Weirdness & Mutations

You are immune to sickness and miasma.
Your stone body is resilient. (AC +6)
You are immune to poison.
You resist negative energy. (rN+)
You are resistant to electric shocks. (rElec)
You are resistant to unholy torment.
You are immune to petrification.


Message History

Joseph is almost dead.
Joseph hits you with a +0 quarterstaff.
* * * LOW HITPOINT WARNING * * *
The ice beast closely misses you. Joseph hits you with a +0 quarterstaff.
* * * LOW HITPOINT WARNING * * *
You hit the ice beast but do no damage.
The ice beast hits you but does no damage.
You sock the ice beast!
The ice beast is moderately wounded.
The ice beast hits you but does no damage.
You hit the ice beast.
The ice beast is heavily wounded.
You block the ice beast's attack. The ice beast closely misses you.
You hit the ice beast but do no damage.
The ice beast is heavily wounded.
The ice beast barely misses you.
You barely miss the ice beast.
The ice beast is heavily wounded.
The ice beast misses you.
You barely miss the ice beast.
The ice beast is heavily wounded.
The ice beast hits you.
* * * LOW HITPOINT WARNING * * *
The ice beast freezes you. You resist.
* * * LOW HITPOINT WARNING * * *
You closely miss the ice beast.
The ice beast is heavily wounded.
The ice beast hits you but does no damage.
You sock the ice beast!
The ice beast is almost dead.
The ice beast barely misses you.
You barely miss the ice beast.
The ice beast is almost dead.
You block the ice beast's attack.
You sock the ice beast!
You kill the ice beast!
Makhleb accepts your kill.
Joseph unwields a +0 quarterstaff.
Joseph wields a +0 hunting sling.
Joseph shoots a sling bullet.
The sling bullet hits you.
You die...

#...z.≈≈....$##≈≈...#.#.#.#
#..##..≈.......≈≈..#.#.#>#.
#.. ##z≈........≈≈.'#.#.#.#
#. #..........≈≈≈#.#.#.#.
#. #...........≈.+#.#.#.# #
#####.........#.#.#.#.
#@####....+#.#.#.# #.#
#....#.#.#.#. #@#
#....+#.#.#.# #.#
#....#.#.#.#.
##'####....'#.#.#.#
#............#.#.#.
#............+#.#.#
#............#.#.#.
#............+#.#.#
+............#.#.#.
#............+#.#.#


You could see Joseph.

Vanquished Creatures
  Eustachio (D:5)
  Menkaure (D:7)
  A water moccasin (D:7)
  3 sky beasts
  A black bear (D:6)
  2 necrophages (D:6)
  2 ogres (D:4)
  2 ice beasts
  A centaur (D:5)
  A phantom (D:5)
  3 wights (D:7)
  A centaur zombie (D:7)
  6 hounds
  An orc priest (D:7)
  A centaur skeleton (D:6)
  5 iguanas
  4 orc wizards
  2 hound skeletons (D:4)
  A howler monkey zombie (D:5)
  5 gnolls
  7 adders
  A howler monkey skeleton (D:4)
  A shadow imp (D:6)
  An ufetubus (D:5)
  A worm (D:5)
  12 orcs
  5 bats
  14 endoplasms
  4 giant cockroaches
  6 goblins
  9 hobgoblins
  6 jackals
  3 quokkas
  7 ball pythons
  2 frilled lizards (D:1)
  11 kobolds
  3 rats
137 creatures vanquished.

Notes
Turn   | Place    | Note
-------+----------+-------------------------------------------
     0 | D:1      | Kziril the Gargoyle Fighter began the quest for the Orb.
     0 | D:1      | Reached XP level 1. HP: 14/14 MP: 1/1
   237 | D:1      | Reached XP level 2. HP: 19/19 MP: 2/2
   726 | D:1      | Reached XP level 3. HP: 19/24 MP: 3/3
  1592 | D:2      | Reached skill level 4 in Fighting
  1633 | D:2      | Found Jesyluid's Weapon Shop.
  2342 | D:3      | Reached XP level 4. HP: 25/29 MP: 4/4
  3166 | D:5      | Entered Level 5 of the Dungeon
  3356 | D:3      | Reached XP level 5. HP: 30/34 MP: 5/5
  3759 | D:4      | Found a shimmering blue altar of Sif Muna.
  3946 | D:4      | Noticed an ogre
  3974 | D:4      | Killed an ogre
  3975 | D:4      | Reached skill level 5 in Fighting
  3975 | D:4      | Reached XP level 6. HP: 34/40 MP: 6/6
  4118 | D:4      | Found a shimmering altar of Xom.
  4130 | D:4      | Identified the +2 great mace of Pasa {drain, rElec rPois}
  4198 | D:4      | Found an opulent altar of Gozag.
  4760 | D:5      | Reached skill level 6 in Fighting
  4760 | D:5      | Reached XP level 7. HP: 44/46 MP: 7/7
  4804 | D:5      | Reached skill level 5 in Armour
  4866 | D:6      | Reached skill level 5 in Shields
  5732 | D:5      | Noticed Eustachio
  5776 | D:5      | Killed Eustachio
  5777 | D:5      | Reached skill level 7 in Fighting
  5777 | D:5      | Reached XP level 8. HP: 39/53 MP: 8/8
  6221 | D:6      | Found a staircase to the Ecumenical Temple.
  6269 | Temple   | Entered the Ecumenical Temple
  6393 | Temple   | Became a worshipper of Makhleb the Destroyer
  6635 | D:6      | Found a glowing silver altar of Zin.
  6635 | D:6      | Noticed an angel
  6977 | D:6      | Reached skill level 5 in Maces & Flails
  7031 | D:6      | Reached skill level 8 in Fighting
  7125 | D:6      | Found an ornate altar of the Wu Jian Council.
  7155 | D:6      | Found a shadowy altar of Dithmenos.
  7292 | D:6      | Reached XP level 9. HP: 59/60 MP: 9/9
  7572 | D:7      | Identified the +3 robe "Vuphatir" {*Slow rF+ Int+3}
  7998 | D:7      | Noticed Menkaure
  8323 | D:7      | Killed Menkaure
  8477 | D:7      | Noticed Joseph
  8513 | D:7      | Reached skill level 9 in Fighting
  8517 | D:7      | Reached * piety under Makhleb
  8544 | D:7      | HP: 2/60 [ice beast (5)]
  8549 | D:7      | Shot with a sling bullet by Joseph

Illustrated notes

Levels and vault maps discovered:
D:1:      minmay_arrival_shattered_statue, layout_basic, minmay_pentomino_o4
D:2:      layout_basic, serial_shops, nicolae_diamond_shop,
          minmay_tree_intersection
D:3:      layout_loops_corners, minmay_misc_feat_alley, kennysheep_path_1
D:4:      layout_basic, mainiacjoe_overflow_boulevard,
          nicolae_gozag_cash_rules_everything_around_me, minmay_ruined_shrine
D:5:      layout_basic, uniq_eustachio
D:6:      layout_loops_ring, mainiacjoe_overflow_two_lobes, zin_angel,
          minmay_temple_entry_tees
D:7:      layout_basic, serial_rivers, chequers_serial_rivers_micro_e,
          chequers_serial_rivers_small_a, chequers_serial_rivers_micro_e,
          chequers_serial_rivers_small_a, chequers_serial_rivers_room_b,
          chequers_serial_rivers_room_a, uniq_menkaure, uniq_joseph
D:8:      lemuel_ratsnest, layout_cave_pods, mainiacjoe_overflow_cross_hatched,
          tso_metal_star
Temple:   zaba_magenta_temple

Skill      XL: |  1  2  3  4  5  6  7  8  9 |
---------------+----------------------------+-----
Fighting       | 4 5 6 7 8 9 |  9.0
Armour         | 4 5 6 |  6.8
Shields        | 4 5 6 |  6.8
Maces & Flails | 3 4 5 |  5.7

Action                   |  1- 3 |  4- 6 |  7- 9 || total
-------------------------+-------+-------+-------++-------
Melee: Flail             |   148 |   174 |   360 ||   682
Armor: Scale mail        |    14 |       |       ||    14
       Chain mail        |    87 |   105 |   178 ||   370
Dodge: Dodged            |    69 |    62 |   169 ||   300
Block: Buckler           |    20 |    48 |    72 ||   140
